 Dungeon Crawl Stone Soup version 0.29.1-14-g9c671dbff4 (webtiles) character file.

Game seed: 6278192901857303813

35 promet the Trooper (level 3, 0/20 HPs)
             Began as a Vine Stalker Fighter on Feb 16, 2023.
             Succumbed to an adder's poison
             ... on level 2 of the Dungeon.
             The game lasted 00:03:22 (387 turns).

promet the Trooper (Vine Stalker Fighter)            Turns: 387, Time: 00:03:22

Health: 0/20       AC:  6    Str: 20    XL:     3   Next: 35%
Magic:  3/4        EV:  9    Int:  8    God:
Gold:   49         SH:  5    Dex: 13    Spells: 2/2 levels left

rFire   . . .      SeeInvis .   a - +0 rapier
rCold   . . .      Faith    .   c - +1 buckler
rNeg    . . .      Spirit   +   b - +0 scale mail
rPois   .          Reflect  .   (no helmet)
rElec   .          Harm     .   (no cloak)
rCorr   .          Rampage  .   (no gloves)
Will    .....                   (no boots)
Stlth   ..........              (no amulet)
HPRegen 0.06/turn               (no ring)
MPRegen 0.09/turn               (no ring)

@: mighty, lethally poisoned (0 -> -5), invisible
A: fangs 2, magic shield, antimagic bite, no potion heal 2
a: no special abilities


You were on level 2 of the Dungeon.
You visited 1 branch of the dungeon, and saw 2 of its levels.

You collected 49 gold pieces.

Inventory:

Hand Weapons
 a - a +0 rapier (weapon)
 g - a +0 spear
Missiles
 e - 11 stones (quivered)
Armour
 b - a +0 scale mail (worn)
 c - a +1 buckler (worn)
Jewellery
 f - a ring of ice
 j - a ring of fire
Scrolls
 h - 3 scrolls of noise
 i - 3 scrolls of identify
 k - a scroll of amnesia {unknown}


   Skills:
 * Level 3.2 Fighting
 + Level 2.1 Short Blades
 + Level 2.7 Armour
 + Level 3.0 Shields


You had 2 spell levels left.
You didn't know any spells.
Your spell library was empty.

Dungeon Overview and Level Annotations

Branches:
Dungeon (2/15)

Altars:


Innate Abilities, Weirdness & Mutations

You have extremely sharp teeth.
When hurt, damage is shared between your health and your magic reserves.
Your bite disrupts and absorbs the magic of your enemies.
Potions cannot restore your health.


Message History

You completely miss the frilled lizard.
You feel sick. The adder bites you but does no damage.
The frilled lizard bites you but does no damage.
The adder bites you but does no damage.
You completely miss the adder. Your bite misses the adder.
You feel sick. The adder bites you.
The frilled lizard bites you but does no damage.
You hit the frilled lizard. You bite the frilled lizard. You drain its power.
The frilled lizard is severely wounded.
You feel sick. The adder bites you but does no damage.
The frilled lizard bites you but does no damage.
The adder bites you.
You are more poisoned.
The adder poisons you!
You feel very mighty all of a sudden.
You feel sick. You block the frilled lizard's attack.
You block the adder's attack.
There are monsters nearby!
You closely miss the frilled lizard. You bite the frilled lizard.
You kill the frilled lizard!
You feel sick. The adder bites you but does no damage.
You puncture the adder!
The adder is almost dead.
* * * LOW HITPOINT WARNING * * *
You feel sick. The adder bites you.
* * * LOW HITPOINT WARNING * * *
You are lethally poisoned!
The adder poisons you! The adder barely misses you.
You barely miss the adder. You bite the adder.
You kill the adder!
* * * LOW HITPOINT WARNING * * *
You feel sick.
Your Shields skill increases to level 3!
It was a potion of invisibility.
You fade into invisibility!
* * * LOW HITPOINT WARNING * * *
You feel sick.
You aren't carrying any potions.
Okay, then.
You die...

....... .. ...##.####
##.## ###......# #...#
###.#.##.# #...#
......##.# #...# #
#...##.# #####...####.
###...##.###............
..#...##........†.......
#.#......###<...@...|...
#.#...##.# ###.......##!
......##.# #.#...#.#
#.#.#.##.# #.......#
#^#.#.##.# #.#.....#
#.#.#.##.# #.##.#..#
.........# #.. ..>...
#.###.#### ##[#### #.#
#.#


There were no monsters in sight!

Vanquished Creatures
  2 adders (D:2)
  An endoplasm (D:2)
  2 giant cockroaches
  A hobgoblin (D:2)
  3 jackals (D:1)
  4 ball pythons (D:1)
  3 frilled lizards
  A rat (D:1)
17 creatures vanquished.

Notes
Turn   | Place    | Note
-------+----------+-------------------------------------------
     0 | D:1      | promet the Vine Stalker Fighter began the quest for the
                  | Orb.
     0 | D:1      | Reached XP level 1. HP: 11/11 MP: 2/2
   148 | D:1      | Reached XP level 2. HP: 13/16 MP: 3/3
   234 | D:1      | Found a faded altar of an unknown god.
   271 | D:1      | You fall into a shaft and drop 1 floor!
   341 | D:2      | Reached XP level 3. HP: 20/20 MP: 4/4
   386 | D:2      | HP: 1/20 [poisoned by an adder]
   387 | D:2      | Succumbed to an adder's poison

Illustrated notes

Levels and vault maps discovered:
D:1:      dpeg_arrival_tiny_i, layout_rooms,
          chequers_ecumenical_altar_simple_redux
D:2:      layout_loops_cross

Skill      XL: |  1  2  3 |
---------------+----------+-----
Short Blades   | 2 |  2.1
Fighting       | 3 |  3.2
Shields        | 3 |  3.0
Armour         | |  2.7

Action                   || total
-------------------------++-------
Melee: Rapier            ||    42
       Bite              ||    12
  Use: Scroll            ||     3
       Potion            ||     2
Armor: Scale mail        ||    26
Dodge: Dodged            ||    13
Block: Buckler           ||    10
